 Dungeon Crawl Stone Soup version 0.29-a0-541-gaf1fc19f1b (webtiles) character file.

Game seed: 8743899595078696640

256 Tocho the Poker (level 5, -1/34 (38) HPs)
             Began as a Demonspawn Gladiator on June 3, 2022.
             Slain by a necrophage (7 damage)
             ... on level 4 of the Dungeon.
             The game lasted 00:08:11 (5752 turns).

Tocho the Poker (Demonspawn Gladiator)              Turns: 5752, Time: 00:08:11

HP:   -1/34 (38)    AC:  4    Str: 15    XL:     5   Next: 92%
MP:   8/8           EV: 12    Int: 11    God:
Gold: 194           SH:  0    Dex: 14    Spells: 7/8 levels left

rFire   . . .      SeeInvis .   a - +1 trident (freeze)
rCold   . . .      Faith    .   (no shield)
rNeg    . . .      Spirit   .   b - +0 leather armour
rPois   .          Reflect  .   c - +0 helmet
rElec   .          Harm     .   (no cloak)
rCorr   .          Rampage  .   (no gloves)
Will    .....                   (no boots)
Stlth   +.........              (no amulet)
HPRegen 0.11/turn               (no ring)
MPRegen 0.11/turn               (no ring)

@: heavily drained
A: sturdy frame 1, demonic magic 1
a: no special abilities


You were on level 4 of the Dungeon.
You visited 1 branch of the dungeon, and saw 4 of its levels.

You collected 194 gold pieces.

Inventory:

Hand Weapons
 a - a +1 trident of freezing (weapon)
Missiles
 d - 2 throwing nets
 e - 7 javelins
 h - 13 poisoned darts (quivered)
Armour
 b - a +0 leather armour (worn)
 c - a +0 helmet (worn)
Scrolls
 g - a scroll of vulnerability {unknown}
 i - a scroll of teleportation
 j - 2 scrolls of fear
 n - a scroll of fog
Potions
 f - 2 potions of degeneration
 m - 2 potions of lignification
 p - a potion of heal wounds {unknown}
 r - a potion of flight {unknown}
 s - a potion of magic {unknown}


   Skills:
 - Level 2.0 Fighting
 + Level 5.3 Polearms
 - Level 2.0 Throwing
 - Level 0.1 Armour
 - Level 3.0 Dodging
 - Level 0.1 Stealth
 * Level 2.0 Spellcasting


You had 7 spell levels left.
You knew the following spells:

 Your Spells              Type           Power      Damage    Failure   Level
a - Sandblast             Erth           2%         2d4       30%         1

Your spell library contained the following spells:

 Spells                   Type           Power      Damage    Failure   Level
 Blink                    Tloc           2%         N/A       41%         2
 Passwall                 Tmut/Erth      0%         N/A       41%         2
 Lesser Beckoning         Tloc           1%         N/A       65%         3
 Stone Arrow              Conj/Erth      2%         3d7       65%         3
 Manifold Assault         Tloc           1%         N/A       100%        5


Dungeon Overview and Level Annotations

Branches:
Dungeon (4/15)
 Temple: D:4-7

Altars:
Elyvilon

Annotations:
D:4 2 transporters


Innate Abilities, Weirdness & Mutations

Your movements are slightly less encumbered by armour. (ER -2)
Spells you cast may paralyse adjacent enemies.


Message History

The necrophage completely misses you. The orc hits you with a +0 flail. x2
The necrophage hits you.
* * * LOW HITPOINT WARNING * * *
You feel drained.
You are too injured to fight recklessly!
You are too injured to fight recklessly!
You are too injured to fight recklessly!
You are too injured to fight recklessly!
You are too injured to fight recklessly!
You are too injured to fight recklessly!
You are too injured to fight recklessly!
You are too injured to fight recklessly!
You are too injured to fight recklessly!
You are too injured to fight recklessly!
You are too injured to fight recklessly!
You are too injured to fight recklessly!
You are too injured to fight recklessly!
You are too injured to fight recklessly!
Things that are here:
a +0 short sword; a kobold corpse The orc attacks as you move away!
The orc hits you with a +0 flail.
* * * LOW HITPOINT WARNING * * *
The necrophage attacks as you move away!
The necrophage hits you.
* * * LOW HITPOINT WARNING * * *
The orc attacks as you move away! The orc misses you.
You see here 6 gold pieces.
The necrophage attacks as you move away!
The necrophage hits you.
* * * LOW HITPOINT WARNING * * *
You feel drained.
The necrophage attacks as you move away!
The necrophage barely misses you.
The necrophage attacks as you move away!
The necrophage closely misses you.
Unknown command.
The orc attacks as you move away! The orc hits you but does no damage.
The necrophage attacks as you move away!
The necrophage hits you!
You die...

###.............
#....†...≈≈≈≈≈≈≈
##...<...≈≈≈≈≈≈≈
###.....≈≈####.
#......≈≈#..#
##......≈≈#..##
#....##.≈≈#....
..#....##.≈≈###.#
.......@#.≈≈..#.#
.....#.on.≈≈.##.+
..#.###...≈≈.#©.#
####....≈≈.##.#
.##...........# #
.......$.....©#.
..........|...#.#
.......)..≈≈.##.#
..........≈≈.#g


You could see a necrophage and an orc.

Vanquished Creatures
  Sigmund (D:3)
  3 adders
  A worm (D:3)
  3 dart slugs
  An orc (D:3)
  5 endoplasms
  2 giant cockroaches
  6 goblins
  3 hobgoblins
  6 jackals
  3 quokkas
  7 ball pythons
  5 bats
  4 frilled lizards
  5 kobolds
  2 rats
57 creatures vanquished.

Notes
Turn   | Place    | Note
-------+----------+-------------------------------------------
     0 | D:1      | Tocho the Demonspawn Gladiator began the quest for the Orb.
     0 | D:1      | Reached XP level 1. HP: 16/16 MP: 1/1
   287 | D:1      | Found a faded altar of an unknown god.
   299 | D:1      | Gained mutation: Your movements are slightly less
                  | encumbered by armour. (ER -2) [demonic ancestry]
   299 | D:1      | Reached XP level 2. HP: 14/22 MP: 2/2
   507 | D:1      | Reached skill level 3 in Polearms
   971 | D:1      | Learned a level 1 spell: Sandblast
  1099 | D:1      | Reached XP level 3. HP: 27/27 MP: 3/3
  2154 | D:3      | Noticed Sigmund
  4434 | D:3      | Killed Sigmund
  4435 | D:3      | Reached skill level 5 in Polearms
  4435 | D:3      | Reached skill level 1 in Spellcasting
  4435 | D:3      | Gained mutation: Spells you cast may paralyse adjacent
                  | enemies. [demonic ancestry]
  4435 | D:3      | Reached XP level 4. HP: 13/33 MP: 4/6
  4435 | D:3      | Reached XP level 5. HP: 15/38 MP: 4/7
  5728 | D:4      | Found a transporter.
  5728 | D:4      | Found a transporter.
  5752 | D:4      | Slain by a necrophage

Illustrated notes

Levels and vault maps discovered:
D:1:      lightli_arrival_farm, layout_basic,
          chequers_ecumenical_altar_simple_redux, hangedman_decor_points
D:2:      layout_loops_cross
D:3:      layout_loops_ring, kennysheep_flooded_box,
          chequers_serial_rivers_marsh, uniq_sigmund
D:4:      layout_cave_pools, gammafunk_ghost_gnarly_gnolls,
          minmay_stone_trees_medium

Skill      XL: |  1  2  3  4  5 |
---------------+----------------+-----
Throwing       | 2 |  2.0
Dodging        | 3 |  3.0
Polearms       | 3 5 |  5.3
Spellcasting   | 1 2 |  2.0
Fighting       | |  2.0
Armour         | |  0.1
Stealth        | |  0.1

Action                   |  1- 3 |  4- 6 || total
-------------------------+-------+-------++-------
Melee: Trident           |   177 |    58 ||   235
Throw: Dart              |     4 |       ||     4
       Throwing net      |     3 |       ||     3
       Javelin           |     1 |       ||     1
  Use: Scroll            |       |     9 ||     9
 Stab: Sleeping          |     1 |     2 ||     3
Armor: Leather armour    |    25 |     8 ||    33
Dodge: Dodged            |    89 |    41 ||   130

Table legend: (Time is in decaauts)
 A = Elapsed time spent in this place.
 B = Non-inter-level travel time spent in this place.
 C = Inter-level travel time spent in this place.
 D = Time resting spent in this place.
 E = Time spent auto-exploring this place.
 F = Levels seen in this place.
 G = Mean time per level.
                   A        B        C        D        E       F      G
               +--------+--------+--------+--------+--------+-----+--------+
         Total |   5818 |   5651 |    167 |   2321 |   2710 |   4 | 1454.5 |
       Dungeon |   5818 |   5651 |    167 |   2321 |   2710 |   4 | 1454.5 |
               +--------+--------+--------+--------+--------+-----+--------+

Top non-repeatable levels by time:
     D:2: 2987 daAuts
     D:1: 1381 daAuts
     D:3: 1375 daAuts
     D:4: 74 daAuts
